 Dungeon Crawl Stone Soup version 0.18.1-6-gd335043 (webtiles) character file.

168 zeroDi the Cutter (level 5, 0/26 HPs)
             Began as a Vine Stalker Assassin on May 20, 2016.
             Slain by Terence
             ... wielding a +0 flail
              (4 damage)
             ... on level 3 of the Dungeon.
             The game lasted 00:05:18 (1860 turns).

zeroDi the Cutter (Vine Stalker Assassin)           Turns: 1860, Time: 00:05:19

Health: 0/26       AC: 10    Str: 15    XL:     5   Next: 48%
Magic:  0/6        EV: 11    Int: 11    God:
Gold:   75         SH:  0    Dex: 17    Spells: 0 memorised, 4 levels left

rFire  . . .     SeeInvis .     a - +2 dagger
rCold  . . .     Gourm    .     c - +0 robe
rNeg   . . .     Faith    .     (no shield)
rPois  .         Spirit   +     (no helmet)
rElec  .         Dismiss  .     d - +0 cloak
rCorr  .         Reflect  .     v - +2 pair of gloves
SustAt .         Harm     .     (no boots)
MR     .....                    (no amulet)
Stlth  +++.......               s - +2 ring of strength
                                q - +4 ring of protection

@: not resistant to hostile enchantments, fairly stealthy
A: fangs 2, regeneration 1, magic shield, antimagic bite, no device heal 3, rot
immunity
a: no special abilities


You were on level 3 of the Dungeon.
You were not hungry.

You visited 1 branch of the dungeon, and saw 3 of its levels.

You collected 75 gold pieces.


Innate Abilities, Weirdness & Mutations

You have extremely sharp teeth.
Your natural rate of healing is unusually fast.
When hurt, damage is shared between your health and your magic reserves.
Your bite disrupts and absorbs the magic of your enemies.
Potions and wands cannot restore your health.
You are immune to rotting.


   Skills:
 - Level 1.7 Fighting
 + Level 5.0 Short Blades
 - Level 1.7 Throwing
 - Level 0.7 Dodging
 - Level 4.8 Stealth


You had 4 spell levels left.
You didn't know any spells.

Inventory:

Hand Weapons
 a - a +2 dagger (weapon)
 b - a +0 blowgun
Missiles
 e - 21 poisoned needles
 f - 2 curare-tipped needles {=f}
Armour
 c - a +0 robe (worn)
 d - a +0 cloak (worn)
 v - a +2 pair of gloves (worn)
Jewellery
 l - an uncursed amulet of magic regeneration
 q - a +4 ring of protection (left hand)
 s - a +2 ring of strength (right hand)
 w - an uncursed ring of ice
Wands
 t - a wand of flame (22/48)
Scrolls
 i - 2 scrolls of teleportation {unknown}
 j - 3 scrolls of amnesia
 o - a scroll of recharging
 r - 3 scrolls of immolation {unknown}
Potions
 h - a potion of might {unknown}
 m - a potion of degeneration {unknown}
 p - a potion of mutation {unknown}
 u - a potion of curing {unknown}
 x - 3 potions of lignification {unknown}
Comestibles
 g - 2 bread rations
 k - 3 meat rations
 n - 4 chunks of flesh
 z - a beef jerky

Dungeon Overview and Level Annotations

Branches:
Dungeon (3/15)

Altars:
Qazlal

Annotations:
D:3 Terence

#...#)..### ##.## ## #..#.# #...#
##...###.#.# #...# #..........#
#...# # .###.###'### ###.# #.
##...## #.# #.# ##....)## ### #.#
#..# ##......@## ##.###.#
##...####.......@.####...##.#####
#.......'.........'..............
##...####>........####...##.#####
#..# ##.......## ##.###.# #.#
##.....## #.....# #. ### ##...##
#.##### . ..# ##+## #.# # #.# #.#
#.# #.# #.# #.#


You could see Terence.


Message History

* * * LOW HITPOINT WARNING * * *
Terence hits you with a flail.
* * * LOW HITPOINT WARNING * * *
Terence is no longer moving quickly.
Terence hits you but does no damage.
You see here a hand axe.
Items here: )) [ รท a dagger; a robe; a dagger; an orc skeleton Terence zaps a wand.
Terence seems to speed up.
Terence hits you but does no damage. Terence hits you with a flail.
* * * LOW HITPOINT WARNING * * *
Terence barely misses you. Terence hits you but does no damage.
Terence hits you but does no damage. Terence hits you with a flail.
* * * LOW HITPOINT WARNING * * *
There is an open door here.
Terence hits you but does no damage. Terence hits you with a flail.
You die...

Action                   |  1- 3 |  4- 6 || total
-------------------------+-------+-------++-------
Melee: Dagger            |   114 |    83 ||   197
       Bite              |    35 |    19 ||    54
  Use: Scroll            |       |     6 ||     6
 Stab: Sleeping          |     6 |     3 ||     9
       Distracted        |       |     1 ||     1
  Eat: Chunk             |       |     3 ||     3
Armor: Robe              |    24 |    39 ||    63
Dodge: Dodged            |    63 |    55 ||   118

Vault maps used:
D:1:      dpeg_arrival_rhombi
D:2:      minmay_quantized, uniq_jessica
D:3:      overflow_temple_1_default, ecumenical_altar_2, uniq_terence,
          uniq_iyjb, uniq_natasha

Notes
Turn   | Place    | Note
--------------------------------------------------------------
     0 | D:1      | zeroDi the Vine Stalker Assassin began the quest for the Orb.
     0 | D:1      | Reached XP level 1. HP: 11/11 MP: 2/2
    94 | D:1      | Reached skill level 2 in Short Blades
   139 | D:1      | Reached XP level 2. HP: 14/15 MP: 3/3
   390 | D:1      | Reached skill level 3 in Short Blades
   504 | D:1      | Reached XP level 3. HP: 15/18 MP: 4/4
   756 | D:2      | HP: 1/18 [worm (1)]
  1053 | D:2      | Noticed Jessica
  1070 | D:2      | Reached XP level 4. HP: 21/23 MP: 3/5
  1119 | D:2      | Killed Jessica
  1119 | D:2      | Reached skill level 4 in Short Blades
  1603 | D:3      | Found a stormy altar of Qazlal.
  1679 | D:3      | Reached XP level 5. HP: 6/26 MP: 2/6
  1695 | D:3      | Reached skill level 5 in Short Blades
  1800 | D:3      | Noticed Terence
  1860 | D:3      | Slain by Terence

Vanquished Creatures
  An orc priest (D:3)
  An orc wizard (D:3)
  Jessica (D:2)
  An adder (D:2)
  An ooze (D:1)
  2 worms (D:2)
  A dart slug (D:1)
  2 orcs (D:3)
  A ball python (D:1)
  2 giant cockroaches (D:2)
  9 hobgoblins
  3 jackals (D:2)
  11 kobolds
  A quokka (D:2)
  10 bats
  A giant newt (D:2)
  7 goblins
  7 rats
62 creatures vanquished.
